 Dungeon Crawl Stone Soup version 0.22-a0-284-g99d1f74 (webtiles) character file.

731610 grindst0ne the Impregnable (level 27, 0/179 HPs)
             Began as a Formicid Fighter on Mar 21, 2018.
             Was the Champion of Zin.
             Killed from afar by a purple draconian (3 damage)
             ... with a bolt of dispelling energy
             ... created by the fury of Okawaru
             ... on level 1 of the Crypt.
             The game lasted 03:22:17 (72238 turns).

grindst0ne the Impregnable (Formicid Fighter)      Turns: 72238, Time: 03:22:18

Health: 0/179      AC: 56    Str: 26    XL:     27
Magic:  44/44      EV: 13    Int: 17    God:    Zin [******]
Gold:   1485       SH: 19    Dex: 11    Spells: 0/26 levels left

rFire    + + +     SeeInvis +   I - +9 executioner's axe (freeze)
rCold    + . .     Gourm    .   b - +1 shield {AC+3}
rNeg     + . .     Faith    .   k - +12 gold dragon scales
rPois    +         Spirit   .   (helmet unavailable)
rElec    .         Reflect  +   L - +2 cloak {+Inv}
rCorr    .         Harm     .   W - +2 pair of gloves {Str+3}
MR       +++..                  p - +2 pair of boots {run}
Stlth    ..........             V - amulet of Sif Muna's Envy {Reflect rPois rN+ Slay+2 SH+4 Stlth-}
HPRegen  0.39/turn              o - ring "Qalist" {rF++ MP+9 AC+3 Int+5}
MPRegen  0.29/turn              q - ring "Xelirol" {MR+ MP+9}

@: quick
A: permanent stasis, dig shafts and tunnels, four strong arms, antennae 3,
talons 1, blurry vision 2, deterioration 2, dopey 1, frail 2, low mp 3,
screaming 2, weak 2, no potion heal 2, subdued magic 1, MP-powered wands
}: 4/15 runes: decaying, slimy, silver, gossamer
a: Dig, Shaft Self, Recite, Vitalisation, Imprison, Sanctuary, Donate Gold,
Renounce Religion, Evoke Invisibility


You were on level 1 of the Crypt.
You worshipped Zin.
Zin was exalted by your worship.
You were not hungry.

You visited 12 branches of the dungeon, and saw 56 of its levels.
You visited 1 bazaar.
You also visited: Labyrinth, Trove, Ice Cave and Wizlab.

You collected 8089 gold pieces.
You spent 2441 gold pieces at shops.
You donated 4163 gold pieces to Zin.

Inventory:

Hand Weapons
 i - the +8 dire flail of the Pit {freeze, rElec rC++ Int-3}
   (You found it on level 1 of the Swamp)

   It has been specially enchanted to freeze those struck by it, causing extra
   injury to most foes and up to half again as much damage against particularly
   susceptible opponents.
   It can also slow down cold-blooded creatures.
   It affects your intelligence (-3).
   It greatly protects you from cold.
   It insulates you from electricity.
 I - a +9 executioner's axe of freezing (weapon)
Armour
 b - a +1 shield of protection (worn)
 k - +12 gold dragon scales (worn)
 p - a +2 pair of boots of running (worn)
 D - the +6 shield of Supple Strength {Regen+ Dex-4 SInv}
   (You took it off Donald on level 4 of the Vaults)

   It affects your dexterity (-4).
   It lets you see invisible.
   It increases your rate of regeneration.
 J - a +2 pair of boots of flying
 L - a +2 cloak of invisibility (worn)
 O - the +2 large shield of Exclusion {rElec rC- rCorr SInv}
   (Okawaru gifted it to you on level 1 of the Depths)

   It makes you vulnerable to cold.
   It insulates you from electricity.
   It lets you see invisible.
   It protects you from acid and corrosion.
 W - a +2 pair of gloves of strength (worn)
 Y - the +2 ratskin cloak {+Rats rPois rN+ Str-1 Int-1 Dex+1}
   (You found it on level 3 of the Elven Halls)

   It affects your strength (-1).
   It affects your intelligence (-1).
   It affects your dexterity (+1).
   It protects you from poison.
   It protects you from negative energy.
Jewellery
 m - an uncursed ring of protection from fire
 o - the ring "Qalist" (left hand) {rF++ MP+9 AC+3 Int+5}
   (You acquired it on level 2 of the Realm of Zot)

   [ring of protection]

   It affects your AC (+3).
   It affects your intelligence (+5).
   It greatly protects you from fire.
   It affects your magic capacity (+9).
 q - the ring "Xelirol" (right hand) {MR+ MP+9}
   (You took it off a spriggan defender on level 3 of the Depths)

   [ring of magical power]

   It affects your resistance to hostile enchantments.
   It affects your magic capacity (+9).
 K - an uncursed ring of protection from cold
 Q - a +6 ring of strength
 V - an amulet of Sif Muna's Envy (around neck) {Reflect rPois rN+ Slay+2 SH+4 Stlth-}
   (You found it in a labyrinth)

   [amulet of reflection]

   It shields you and reflects attacks.
   It affects your accuracy and damage with ranged weapons and melee attacks
   (+2).
   It protects you from poison.
   It protects you from negative energy.
   It affects your SH (+4).
   It makes you less stealthy.
Wands
 x - a wand of iceblast (56)
 z - a wand of enslavement (36)
 F - a wand of disintegration (121)
 G - a wand of digging (124)
 M - a wand of clouds (6)
 P - a wand of acid (44)
 U - a wand of paralysis (43)
Scrolls
 a - 24 scrolls of remove curse
 g - 6 scrolls of identify
 j - a scroll of brand weapon
 l - 5 scrolls of magic mapping
 n - 5 scrolls of immolation
 r - a scroll of fear
 v - 9 scrolls of enchant weapon
 w - 17 scrolls of fog
 y - 2 scrolls of holy word
 A - 5 scrolls of summoning
 B - 15 scrolls of amnesia
 H - 6 scrolls of silence
Potions
 d - 11 potions of brilliance
 e - 2 potions of resistance
 s - a potion of invisibility
 t - a potion of magic
 u - 7 potions of ambrosia
 C - 26 potions of mutation
 N - 6 potions of agility
 T - 3 potions of curing
 Z - 2 potions of cancellation
Miscellaneous
 h - 3 sacks of spiders
 E - a fan of gales
 R - 2 boxes of beasts
 S - a phantom mirror
 X - a lamp of fire
Comestibles
 f - 89 rations


   Skills:
 - Level 20.0 Fighting
 - Level 24.0 Axes
 - Level 25.0 Armour
 - Level 14.0 Dodging
 - Level 15.0 Shields
 - Level 11.5 Charms
 - Level 24.3 Necromancy
 + Level 3.9 Translocations
 - Level 3.7 Earth Magic
 + Level 20.3 Invocations
 - Level 9.1 Evocations


You couldn't memorise any spells.
You knew the following spells:

 Your Spells              Type           Power        Failure   Level  Hunger
a - Passwall              Tmut/Erth      #.........   77%         2    ###....
b - Lee's Rapid Deconstr  Erth           #.........   100%        5    ######.
c - Song of Slaying       Chrm           ####....     1%          2    ###....
d - Regeneration          Chrm/Necr      #####.....   1%          3    ####...
e - Death Channel         Necr           ######....   1%          6    #######
f - Dispel Undead         Necr           ######..     1%          5    ######.
g - Lesser Beckoning      Tloc           ##........   71%         3    ####...


Dungeon Overview and Level Annotations

Branches:
Dungeon (15/15)            Temple (1/1) D:4            Lair (6/6) D:8
  Swamp (4/4) Lair:3       Spider (4/4) Lair:4        Slime (5/5) Lair:6
    Orc (2/2) D:12            Elf (3/3) Orc:2        Vaults (5/5) D:14
  Crypt (1/3) Vaults:3     Depths (5/5) D:15            Zot (5/5) Depths:5

Altars:
Ashenzari
Cheibriados
Dithmenos
Elyvilon
Fedhas
Gozag
Hepliaklqana
Kikubaaqudgha
Makhleb
Nemelex Xobeh
Okawaru
Qazlal
Ru
Sif Muna
Trog
Uskayaw
Vehumet
Wu Jian
Xom
Yredelemnul
Zin
The Shining One
Jiyva

Shops:
D:6 (   Orc:2 =([!:   Elf:2 [   Elf:3 ?   Vaults:1 (   Vaults:4 :
Vaults:5 :[}   Depths:2 [

Portals:
Hell: Depths:1 Depths:2 Depths:3 Depths:4 Depths:5
Abyss: Depths:1 Depths:3 Depths:4
Pandemonium: Depths:3
Ziggurat: Depths:5
Bazaar: Depths:4


Innate Abilities, Weirdness & Mutations

You cannot be hasted, slowed, berserked, paralysed or teleported.
You can dig through walls and to a lower floor.
Your four strong arms can wield two-handed weapons with a shield.
You have a pair of large antennae on your head. (SInv)
You have sharp toenails.
Scrolls take you longer to read.
Your body often deteriorates upon taking damage.
You are dopey. (Int -2)
You are very frail. (-20% HP)
Your magical capacity is extremely low. (-30% MP)
You sometimes yell uncontrollably at your foes.
You are very weak. (Str -4)
Potions are poor at restoring your health.
Your spells are a little easier to cast, but a little less powerful.
You expend magic power (3 MP) to strengthen your wands.


Message History

The titan gestures at you while chanting.
The bolt of lightning misses you.
The tree burns like a torch!
You block the phantasmal warrior's attack.
The fire giant hits the purple draconian with a great sword of flaming.
The fire giant burns the purple draconian.
Are you sure you want to shaft yourself?
You feel quite a bit more hungry.
The black draconian hits you but does no damage.
The forest fire spreads!
You begin to dig a shaft.
You continue digging a shaft.
The purple draconian is no longer moving slowly.
The titan gestures at you while chanting.
The bolt of lightning hits you! Zin protects you from harm!
The tree burns like a torch!
The fire giant hits the yellow draconian with a great sword of flaming!!
The fire giant burns the yellow draconian.
The purple draconian breathes dispelling energy at you.
The bolt of dispelling energy hits you!
You die...

♣♣♣♣♣♣♣ ♣..♣♣§§§♣♣.....#
♣.....♣♣♣ ♣♣...§.........#
........♣♣ ♣♣ ...........#
#8...8#[.♣♣♣ ..........#
##')†###.).♣♣ ♣.........#
#.....####..♣♣ ♣♣.Cd......#
#.....#.|#8..♣♣♣WCd♣♣.....#
'.._..'..#.....d.Cd.......#######
#.....#.)#8...CC@♣♣..............
#....[####..♣♣♣CC♣♣♣♣.####...<...
##'''###...♣♣ ♣§♣♣♣♣..## #......)
#8...8#...♣♣ ♣♣...♣...# #.......
.........♣♣ ♣.......)# #..#####
♣.....♣♣♣♣ ♣♣♣♣.....# #..#
♣♣♣♣♣♣♣ ♣♣....###..# ♣.........#
♣♣♣.......#


You could see 2 titans, a frost giant, a black draconian, a yellow draconian, 2
draconians, 3 fire giants, a stone giant and a phantasmal warrior.

Vanquished Creatures
  the Royal Jelly (Slime:5)
  Dissolution (Slime:3)
  8 orbs of fire
  Mara (Depths:3)
  5 ancient liches (Zot:5)
  A juggernaut (Depths:3)
  4 Killer Klowns
  2 curse toes
  15 golden dragons
  5 caustic shrikes
  A mutant beast (WizLab)
  A profane servitor (Crypt:1)
  2 bone dragons
  5 electric golems
  Jorgrun (Swamp:3)
  19 tentacled monstrosities
  6 liches
  25 Orb Guardians (Zot:5)
  5 deep elf blademasters
  7 titans
  9 quicksilver dragons
  20 acid blobs
  10 death cobs
  13 shadow dragons
  6 sphinxes
  Kirke (Lair:4)
  7 tengu reavers
  2 thorn hunters (Swamp:3)
  Agnes (Spider:4)
  A revenant (Crypt:1)
  5 draconian monks
  15 storm dragons
  Donald (Vaults:4)
  Roxanne (D:15)
  9 azure jellies
  7 draconian knights
  13 fire giants
  12 frost giants
  10 deep elf sorcerers
  16 vault wardens
  5 draconian stormcallers
  6 draconian scorchers
  7 emperor scorpions
  3 iron dragons (Vaults:5)
  10 draconian shifters
  4 ghost moths (Spider:4)
  A curse skull (Crypt:1)
  14 ironheart preservers
  3 ghouls (Crypt:1)
  20 very ugly things
  3 war gargoyles (Vaults:5)
  2 spriggan defenders (Depths:3)
  27 stone giants
  6 deep elf elementalists
  2 draconian annihilators
  3 entropy weavers
  10 black draconians
  5 vampire knights
  15 green draconians
  7 deep elf demonologists
  15 white draconians
  Nessos (D:13)
  A minotaur (Lab)
  Snorg (D:13)
  8 red draconians
  9 deep elf annihilators
  12 spark wasps
  14 purple draconians
  A dire elephant (Lair:6)
  19 yellow draconians
  The ghost of galech the Cleaver, a journeyman MiFi of Okawaru (Lair:2)
  15 ettins
  The ghost of Amnesiac the Eclecticist, a journeyman DEWz of Sif Muna (Lair:6)
  9 death oozes
  Josephine (D:10)
  13 deep elf death magi
  7 deep elf high priests
  15 yaktaur captains
  The ghost of grindst0ne the Fighter, a journeyman KoBe of Trog (Lair:1)
  10 rakshasas
  14 fire dragons
  3 jiangshi (Crypt:1)
  Fannar (Orc:1)
  5 ghost crabs
  8 great orbs of eyes
  27 vault guards
  Erolcha (Orc:2)
  5 spriggan air magi
  22 hydras
  A hell beast (Depths:3)
  A caustic shrike simulacrum (Depths:4)
  16 ice dragons
  A merfolk avatar (Lair:6)
  11 centaur warriors
  56 two-headed ogres
  17 ogre magi
  An alligator (shapeshifter) (Depths:3)
  29 dancing weapons
  2 death knights
  10 alligators
  2 death yaks (shapeshifter)
  9 death yaks
  2 vampire magi (Crypt:1)
  The ghost of Amnesiac the Thaumaturge, a journeyman DEWz of Sif Muna (D:12)
  8 deep troll shamans
  12 deep troll earth magi
  9 tengu warriors
  Urug (D:13)
  8 spriggan berserkers
  A storm dragon zombie (Vaults:3)
  Nergalle (Lair:2)
  15 deep elf knights
  6 orc high priests
  2 iron trolls
  An iron golem (WizLab)
  4 shadow wraiths
  8 skeletal warriors
  20 hell knights
  21 deep trolls
  An unseen horror (D:15)
  4 glowing orange brains
  6 spriggan druids
  8 wizards
  A death drake (shapeshifter) (WizLab)
  An obsidian statue (Depths:4)
  A swamp dragon (shapeshifter) (Vaults:2)
  3 unseen horrors (shapeshifter)
  A sea snake (shapeshifter) (Vaults:5)
  6 flayed ghosts
  20 deep elf archers
  2 shambling mangroves (Swamp:4)
  12 swamp dragons
  6 phantasmal warriors
  14 orc knights
  An orb spider (shapeshifter) (Vaults:4)
  10 harpies
  21 ironbrand convokers
  2 mana vipers (shapeshifter)
  68 deep elf magi
  17 orb spiders
  9 necromancers
  A sphinx zombie (Vaults:3)
  34 wolf spiders
  A stone giant zombie (Vaults:3)
  6 shining eyes
  2 manticores (Lair:6)
  4 oklob plants (Lair:6)
  6 orc sorcerers
  A wolf spider (shapeshifter) (Vaults:5)
  7 cyclopes
  A moth of wrath (shapeshifter) (Vaults:5)
  25 ugly things
  A tengu skeleton (Depths:4)
  A salamander (shapeshifter) (WizLab)
  2 guardian serpents (shapeshifter) (WizLab)
  3 iron dragon skeletons (Depths:4)
  9 elephants
  A rust devil (Depths:3)
  29 moths of wrath
  A black mamba (shapeshifter) (WizLab)
  14 vault sentinels
  3 black mambas
  A centaur zombie (D:15)
  A naga mage (Depths:4)
  6 eyes of devastation
  2 spiny frogs (shapeshifter) (WizLab)
  A torpor snail (shapeshifter) (Vaults:5)
  2 centaur skeletons (D:15)
  3 kobold demonologists
  An ice statue (IceCv)
  23 spiny frogs
  11 rime drakes
  6 komodo dragons
  2 komodo dragons (shapeshifter) (WizLab)
  15 demonic crawlers
  A spark wasp simulacrum (Depths:3)
  3 tengu conjurers
  8 freezing wraiths
  2 ice devils (D:13)
  41 yaktaurs
  26 jumping spiders
  A red devil (Depths:3)
  2 polar bears (shapeshifter)
  A golden dragon simulacrum (Depths:4)
  A queen bee (shapeshifter) (WizLab)
  2 jumping spiders (shapeshifter) (WizLab)
  10 trolls
  30 hornets
  A queen bee (Lair:3)
  12 blink frogs
  A wind drake (shapeshifter) (WizLab)
  61 slime creatures
  17 polar bears
  10 tyrant leeches
  A dream sheep (shapeshifter) (Vaults:5)
  2 hornets (shapeshifter)
  7 bog bodies
  3 meliai zombies
  A raiju (shapeshifter) (Elf:3)
  16 hippogriffs
  22 tarantellas
  4 air elementals
  5 flying skulls (Crypt:1)
  13 spriggans
  3 shadows
  2 vampires
  56 redbacks
  2 tarantellas (shapeshifter)
  56 yaks
  4 water elementals
  A hungry ghost (D:11)
  8 wraiths
  4 wyverns
  An elf skeleton (Depths:4)
  4 basilisks
  A hog (shapeshifter) (WizLab)
  3 fire elementals
  4 hogs (Spider:1)
  16 humans (D:13)
  10 small abominations
  A yak (shapeshifter) (WizLab)
  A human (shapeshifter) (Depths:5)
  A steam dragon (D:15)
  26 vampire mosquitoes
  2 soldier ants
  A swamp worm (shapeshifter) (Depths:3)
  6 wargs
  14 water moccasins
  7 large abominations (WizLab)
  A water moccasin (shapeshifter) (Depths:3)
  3 acid dragons
  A soldier ant (shapeshifter) (WizLab)
  14 swamp worms
  7 floating eyes
  A floating eye (shapeshifter) (WizLab)
  6 porcupines
  43 orc warriors
  12 swamp drakes
  An ettin simulacrum (Vaults:3)
  An eye of draining (shapeshifter) (Elf:3)
  An ice beast (shapeshifter) (Vaults:5)
  9 eyes of draining
  7 sky beasts
  A black bear (shapeshifter) (WizLab)
  2 phantoms
  50 ogres
  8 boggarts
  20 wolves
  A human skeleton (Vaults:3)
  14 centaurs
  14 crocodiles
  An elf simulacrum (Depths:4)
  The ghost of Amnesiac the Ducker, an amateur SpFi (D:4)
  7 big kobolds
  A fire crab zombie (Crypt:1)
  4 gnoll sergeants (D:12)
  5 earth elementals
  A wyvern zombie (D:14)
  14 bullfrogs
  7 scorpions
  A water moccasin skeleton (D:10)
  A troll skeleton (Lab)
  43 killer bees
  4 wights (D:7)
  3 spriggan skeletons
  A yak skeleton (Crypt:1)
  4 electric eels
  4 howler monkeys
  8 crimson imps
  2 quasits
  A bullfrog zombie (D:5)
  11 jellies
  17 orc priests
  2 hounds
  2 bullfrog skeletons
  21 orc wizards
  6 iguanas
  14 worker ants
  A deep dwarf zombie (Crypt:1)
  A hound skeleton (D:6)
  A hound zombie (D:11)
  A worker ant zombie (D:11)
  9 gnolls
  10 adders
  3 shadow imps
  An ooze (D:7)
  An adder skeleton (D:4)
  2 worms (Lair:4)
  4 dart slugs
  6 leopard geckos
  106 orcs
  A ball python (D:2)
  14 bats
  7 giant cockroaches
  A gnoll zombie (Crypt:1)
  5 goblins
  9 hobgoblins
  10 jackals
  4 frilled lizards
  20 kobolds
  A leopard gecko skeleton (D:4)
  4 rats
  8 briar patches (Swamp:3)
  5 fungi
  A macabre mass (Depths:4)
  7 plants
2567 creatures vanquished.

Vanquished Creatures (collateral kills)
  A rakshasa (Depths:4)
  A deep troll shaman (Depths:4)
  3 deep trolls (Depths:4)
5 creatures vanquished.

Vanquished Creatures (others)
  3 deep elf master archers (Elf:3)
  A deep elf blademaster (Crypt:1)
  A frost giant (Depths:3)
  A vault warden (Vaults:2)
  An ironheart preserver (Vaults:4)
  A yellow draconian (Crypt:1)
  A centaur warrior (Depths:2)
  An ogre mage (Vaults:4)
  A tengu warrior (Depths:4)
  4 deep elf archers
  A wizard (Vaults:2)
  A deep elf mage (Elf:1)
  A cyclops (Vaults:1)
  2 moths of wrath (Zot:5)
  3 yaktaurs
  A human (Spider:1)
  A centaur (Depths:4)
  An orc (D:10)
  11 fungi
  9 plants
46 creatures vanquished.

Grand Total: 2618 creatures vanquished

Notes
Turn   | Place    | Note
-------+----------+-------------------------------------------
     0 | D:1      | grindst0ne the Formicid Fighter began the quest for the Orb.
     0 | D:1      | Reached XP level 1. HP: 18/18 MP: 1/1
   113 | D:1      | Reached XP level 2. HP: 24/24 MP: 2/2
   261 | D:1      | Reached XP level 3. HP: 30/30 MP: 3/3
   900 | D:2      | Reached XP level 4. HP: 37/37 MP: 4/4
  1733 | D:3      | Reached XP level 5. HP: 35/42 MP: 5/5
  1823 | D:3      | Found a sacrificial altar of Ru.
  2140 | D:4      | Found a blossoming altar of Fedhas.
  2248 | D:4      | Reached skill level 5 in Shields
  2323 | D:4      | Noticed Amnesiac's ghost (amateur SpFi)
  2341 | D:4      | Killed Amnesiac's ghost
  2341 | D:4      | Reached XP level 6. HP: 27/50 MP: 2/6
  2596 | D:4      | Reached skill level 5 in Fighting
  2704 | D:4      | Found a staircase to the Ecumenical Temple.
  2712 | Temple   | Entered the Ecumenical Temple
  2855 | Temple   | Became a worshipper of Warmaster Okawaru
  2914 | D:4      | Reached XP level 7. HP: 56/56 MP: 7/7
  3182 | D:5      | Entered Level 5 of the Dungeon
  3691 | D:5      | Reached * piety under Okawaru
  3691 | D:5      | Reached skill level 1 in Evocations
  4086 | D:6      | Reached skill level 5 in Axes
  4086 | D:6      | Reached XP level 8. HP: 59/64 MP: 6/9
  4114 | D:6      | Found Resuimum's Antique Weapon Boutique.
  4300 | D:6      | Found a glowing golden altar of the Shining One.
  4345 | D:6      | Reached ** piety under Okawaru
  4718 | D:6      | Found an ornate altar of the Wu Jian Council.
  4859 | D:6      | Reached XP level 9. HP: 60/71 MP: 9/11
  5265 | D:7      | Reached *** piety under Okawaru
  5597 | D:7      | Reached skill level 5 in Evocations
  6582 | D:8      | Reached XP level 10. HP: 67/80 MP: 14/14
  6895 | D:8      | Found a staircase to the Lair.
  7034 | D:8      | Reached **** piety under Okawaru
  7065 | D:8      | Reached skill level 4 in Armour
  7920 | D:9      | Noticed a two-headed ogre
  7928 | D:9      | Killed a two-headed ogre
  7928 | D:9      | Reached skill level 5 in Armour
  7983 | D:9      | Found a hazy altar of Hepliaklqana.
  8211 | D:9      | Found a white marble altar of Elyvilon.
  8369 | D:10     | Entered Level 10 of the Dungeon
  8910 | D:10     | Reached skill level 6 in Armour
  8941 | D:10     | Reached ***** piety under Okawaru
  9159 | D:10     | Reached XP level 11. HP: 90/90 MP: 15/15
  9263 | D:10     | Reached skill level 10 in Fighting
  9529 | D:10     | Noticed Josephine
  9566 | D:10     | Killed Josephine
  9566 | D:10     | Reached skill level 7 in Armour
 10093 | Lair:1   | Entered Level 1 of the Lair of Beasts
 10129 | Lair:1   | Noticed a six-headed hydra
 10135 | Lair:1   | Killed a six-headed hydra
 10146 | Lair:1   | Reached skill level 8 in Armour
 10161 | Lair:1   | Noticed grindst0ne's ghost (journeyman KoBe)
 10809 | D:11     | Noticed a two-headed ogre
 10823 | D:11     | Killed a two-headed ogre
 10823 | D:11     | Received a gift from Okawaru
 11111 | D:12     | Noticed a two-headed ogre
 11131 | D:12     | Killed a two-headed ogre
 11131 | D:12     | Reached skill level 9 in Armour
 11155 | D:12     | Noticed a two-headed ogre
 11203 | D:12     | Killed a two-headed ogre
 11203 | D:12     | Reached XP level 12. HP: 18/100 MP: 6/16
 11524 | D:12     | Found a staircase to the Orcish Mines.
 11612 | D:12     | Identified the Guide on Boosts and Poison
 11961 | D:12     | Noticed Amnesiac's ghost (journeyman DEWz)
 12095 | D:12     | Killed Amnesiac's ghost
 12292 | D:12     | Found a portal to a secret trove of treasure.
 12501 | D:12     | Noticed a two-headed ogre
 12622 | Lair:1   | Reached skill level 10 in Armour
 12906 | D:12     | Killed a two-headed ogre
 13504 | D:13     | Found a frozen archway.
 13809 | IceCv    | Entered an ice cave
 14104 | IceCv    | Noticed a death yak
 14121 | IceCv    | Killed a death yak
 14121 | IceCv    | Reached skill level 11 in Armour
 14570 | IceCv    | Reached ****** piety under Okawaru
 14841 | IceCv    | Reached XP level 13. HP: 111/111 MP: 15/17
 14943 | IceCv    | Received a gift from Okawaru
 14944 | IceCv    | Got a jewelled ring mail {god gift}
 15239 | IceCv    | Identified the +3 ring mail of Fashionability {rPois rN+ Str-5} (Okawaru gifted it to you in an ice cave)
 15403 | IceCv    | Reached skill level 12 in Armour
 15900 | IceCv    | Reached skill level 1 in Dodging
 16124 | IceCv    | Noticed a white draconian
 16176 | IceCv    | Killed a white draconian
 16719 | D:13     | Noticed Nessos
 16744 | D:13     | Killed Nessos
 16744 | D:13     | Reached skill level 10 in Axes
 16744 | D:13     | Reached skill level 13 in Armour
 17079 | D:13     | Noticed Snorg
 17122 | D:13     | Killed Snorg
 17517 | D:13     | Noticed Urug
 17530 | D:13     | Killed Urug
 17856 | D:14     | Found a gate to the Vaults.
 17856 | D:14     | Noticed a centaur warrior
 17971 | D:13     | Reached XP level 14. HP: 106/120 MP: 18/18
 18133 | D:14     | Reached skill level 5 in Dodging
 18852 | D:14     | Received a gift from Okawaru
 19268 | D:14     | Reached skill level 14 in Armour
 19645 | Orc:1    | Entered Level 1 of the Orcish Mines
 19725 | Orc:1    | Noticed Fannar
 19749 | Orc:1    | Killed Fannar
 20240 | Orc:2    | Entered Level 2 of the Orcish Mines
 20240 | Orc:2    | Found a staircase to the Elven Halls.
 20314 | Orc:2    | Noticed a stone giant
 20321 | Orc:2    | Killed a stone giant
 20478 | Orc:2    | Noticed Erolcha
 20487 | Orc:2    | Killed Erolcha
 20523 | Orc:2    | Found a bloodstained altar of Trog.
 20730 | Orc:2    | Found Nauqua's Jewellery Emporium.
 20913 | Orc:2    | Received a gift from Okawaru
 21103 | Orc:2    | Reached XP level 15. HP: 81/126 MP: 15/19
 21423 | Orc:2    | Found Kegecixzyf's Antique Armour Shoppe.
 21423 | Orc:2    | Found Fycselis's Antique Weapon Shoppe.
 21442 | Orc:2    | Found Cess's Book Shop.
 21442 | Orc:2    | Found Weuph's Distillery.
 21490 | Orc:2    | Bought a distressingly furry plate armour for 644 gold pieces
 21501 | Orc:2    | Identified the +3 plate armour of Gehenna {rElec rCorr Int+3} (You bought it in a shop on level 2 of the Orcish Mines)
 21510 | Orc:2    | Bought a potion of curing for 51 gold pieces
 21510 | Orc:2    | Bought a potion of heal wounds for 85 gold pieces
 21510 | Orc:2    | Bought a potion of curing for 51 gold pieces
 21510 | Orc:2    | Bought a potion of curing for 51 gold pieces
 21510 | Orc:2    | Bought a potion of mutation for 136 gold pieces
 21510 | Orc:2    | Bought a potion of mutation for 136 gold pieces
 21510 | Orc:2    | Bought a potion of curing for 51 gold pieces
 22030 | Lair:1   | Killed grindst0ne's ghost
 22216 | Lair:1   | Learned a level 2 spell: Passwall
 22222 | Lair:1   | Learned a level 5 spell: Lee's Rapid Deconstruction
 22442 | Lair:1   | Reached skill level 15 in Armour
 23202 | Lair:2   | Noticed galech's ghost (journeyman MiFi)
 23218 | Lair:2   | Killed galech's ghost
 23583 | Lair:2   | Noticed Nergalle
 23593 | Lair:2   | Killed Nergalle
 24226 | Lair:3   | Received a gift from Okawaru
 24305 | Lair:3   | Found a shimmering altar of Xom.
 24516 | Lair:3   | Reached skill level 15 in Fighting
 25117 | Lair:3   | Found a staircase to the Swamp.
 25416 | Lair:4   | Found a labyrinth entrance.
 25425 | Lab      | Entered a labyrinth
 25568 | Lab      | Identified Onojuff's Last Secrets of Thaumaturgy
 25568 | Lab      | Identified the Tome of Cankerous Execration
 25569 | Lab      | Got a translucent silver amulet
 25583 | Lab      | Identified an amulet of Sif Muna's Envy {Reflect rPois rN+ Slay+2 SH+4 Stlth-} (You found it in a labyrinth)
 25615 | Lair:4   | Identified 2 scrolls of acquirement
 25658 | Lair:4   | Received a gift from Okawaru
 25821 | Lair:4   | Reached XP level 16. HP: 99/136 MP: 13/20
 25833 | Lair:4   | Found a hole to the Spider Nest.
 25915 | Lair:4   | Got a smoking silver ring
 26193 | Lair:4   | Identified the ring of Unkeozeg {rElec rPois rF- AC+1 Dex-2} (You found it on level 4 of the Lair of Beasts)
 26587 | Lair:5   | Reached skill level 16 in Armour
 27070 | Lair:6   | Entered Level 6 of the Lair of Beasts
 27357 | Lair:6   | Noticed Amnesiac's ghost (journeyman DEWz)
 27369 | Lair:6   | Killed Amnesiac's ghost
 27720 | Lair:6   | Found a viscous altar of Jiyva.
 27720 | Lair:6   | Found a staircase to the Slime Pits.
 27792 | Lair:6   | Learned a level 2 spell: Song of Slaying
 27796 | Lair:6   | Learned a level 3 spell: Regeneration
 27940 | Lair:6   | Received a gift from Okawaru
 28608 | D:14     | Reached skill level 17 in Armour
 28741 | D:15     | Entered Level 15 of the Dungeon
 28831 | D:15     | Found a staircase to the Depths.
 29068 | D:15     | Received a gift from Okawaru
 29071 | D:15     | Got a jewelled battleaxe {god gift}
 29078 | D:15     | Identified the +6 battleaxe of Linearity {drain, Int+3 Dex+5} (Okawaru gifted it to you on level 15 of the Dungeon)
 29439 | D:15     | Found a white marble altar of Elyvilon.
 29609 | D:15     | Noticed Roxanne
 29660 | D:15     | Killed Roxanne
 29661 | D:15     | Identified Roxanne's Papyrus of the Rocks (You took it off Roxanne on level 15 of the Dungeon)
 29995 | D:15     | Reached XP level 17. HP: 115/144 MP: 18/21
 30000 | D:15     | Reached skill level 15 in Axes
 30092 | D:15     | Got a vibrating ruby amulet
 30098 | D:15     | Identified the amulet of Fizac {Spirit rPois rC- Int+3} (You acquired it on level 15 of the Dungeon)
 30288 | Swamp:1  | Entered Level 1 of the Swamp
 30470 | Swamp:1  | Got a faintly glowing dire flail
 30474 | Swamp:1  | Identified the +8 dire flail of the Pit {freeze, rElec rC++ Int-3} (You found it on level 1 of the Swamp)
 30583 | Swamp:1  | Received a gift from Okawaru
 31090 | Swamp:2  | You are sucked into a shaft!
 31121 | Swamp:3  | Received a gift from Okawaru
 31477 | Swamp:3  | Noticed a thorn hunter
 31493 | Swamp:3  | Killed a thorn hunter
 31598 | Swamp:3  | Received a gift from Okawaru
 31630 | Swamp:3  | Noticed a thorn hunter
 31639 | Swamp:3  | Killed a thorn hunter
 31644 | Swamp:3  | Received a gift from Okawaru
 31864 | Swamp:3  | Noticed Jorgrun
 31882 | Swamp:3  | Killed Jorgrun
 32152 | Swamp:4  | Entered Level 4 of the Swamp
 32405 | Swamp:4  | Received a gift from Okawaru
 32498 | Swamp:4  | Reached XP level 18. HP: 134/155 MP: 20/22
 33568 | Swamp:4  | Got a decaying rune of Zot
 33577 | Swamp:4  | Reached XP level 19. HP: 163/163 MP: 23/23
 33658 | Swamp:4  | Learned a level 6 spell: Death Channel
 33876 | Spider:1 | Entered Level 1 of the Spider Nest
 33878 | Spider:1 | Noticed Kirke
 34306 | Lair:4   | Killed Kirke
 34704 | Spider:1 | Received a gift from Okawaru
 35364 | Spider:2 | Received a gift from Okawaru
 36969 | Spider:4 | Entered Level 4 of the Spider Nest
 36987 | Spider:4 | Reached XP level 20. HP: 174/174 MP: 24/24
 37045 | Spider:4 | Noticed Agnes
 37078 | Spider:4 | Killed Agnes
 38347 | Spider:4 | Got a gossamer rune of Zot
 39026 | D:12     | You paid a toll of 15 potions of curing to enter a treasure trove
 39027 | Trove    | Entered a treasure trove
 39038 | Trove    | Identified Sif Muna's Papyrus of Execration
 39078 | Trove    | Identified Sif Muna's Volume of Companions and the Mountains
 39087 | Trove    | Identified Sif Muna's Papyrus of Feathers and Beguiling
 39170 | Vaults:1 | Entered Level 1 of the Vaults
 39175 | Vaults:1 | Received a gift from Okawaru
 39176 | Vaults:1 | Found the +2 pair of boots of the Assassin {Detection Stab+ Stlth++}
 39957 | Vaults:1 | Found Xuthrecwu's Weapon Boutique.
 40540 | Vaults:2 | Reached skill level 18 in Armour
 40718 | Vaults:2 | Reached XP level 21. HP: 183/183 MP: 25/25
 40948 | Vaults:2 | Reached skill level 10 in Dodging
 40977 | Vaults:2 | Received a gift from Okawaru
 41392 | Vaults:2 | Reached skill level 19 in Armour
 42857 | Vaults:3 | Received a gift from Okawaru
 42904 | Vaults:3 | Reached skill level 20 in Armour
 43101 | Vaults:3 | Identified Veho's Disquisition on Enchanting Summoning
 43254 | Vaults:3 | Found a staircase to the Crypt.
 43254 | Vaults:3 | Found an ancient bone altar of Kikubaaqudgha.
 43254 | Vaults:3 | Found a basalt altar of Yredelemnul.
 43348 | Vaults:3 | Reached XP level 22. HP: 184/190 MP: 24/26
 44560 | Vaults:4 | Reached skill level 21 in Armour
 44627 | Vaults:4 | Noticed Donald
 44635 | Vaults:4 | Killed Donald
 44639 | Vaults:4 | Got a shimmering shield
 44650 | Vaults:4 | Identified the +6 shield of Supple Strength {Regen+ Dex-4 SInv} (You took it off Donald on level 4 of the Vaults)
 44820 | Vaults:4 | Found Hozoh's Book Emporium.
 45065 | Vaults:4 | Received a gift from Okawaru
 45355 | Depths:1 | Entered Level 1 of the Depths
 45461 | Depths:1 | Found a gateway to Hell.
 45462 | Depths:1 | Found a one-way gate to the infinite horrors of the Abyss.
 45488 | Depths:1 | Received a gift from Okawaru
 45492 | Depths:1 | Got a steaming large shield {god gift}
 45494 | Depths:1 | Found a magical portal.
 45504 | WizLab   | Entered Cigotuvi's Fleshworks
 45731 | WizLab   | Identified the +2 large shield of Exclusion {rElec rC- rCorr SInv} (Okawaru gifted it to you on level 1 of the Depths)
 45951 | WizLab   | Reached XP level 23. HP: 181/196 MP: 24/27
 46020 | WizLab   | Found the -2 hat of the Alchemist {rElec rPois rF+ rC+ rN+ MR+ rMut rCorr}
 46355 | WizLab   | Identified Cigotuvi's Guide on Moulding and Stolen Souls
 46357 | WizLab   | Identified the Volume of Transmutation
 47086 | Depths:2 | Found a flickering gateway to a bazaar.
 47089 | Depths:2 | Found Syramoul's Armour Shop.
 47093 | Depths:2 | Noticed a caustic shrike
 47095 | Bazaar   | Entered a bazaar
 47109 | Bazaar   | Found Meperchui's Antique Weapon Shoppe.
 47109 | Bazaar   | Found Xeareroc's Armour Emporium.
 47152 | Bazaar   | Found Deppi's Magic Scroll Shoppe.
 47152 | Bazaar   | Found Qaijonu's Food Emporium.
 47216 | Bazaar   | Bought +0 gold dragon scales for 800 gold pieces
 47275 | Depths:2 | Noticed a caustic shrike
 47296 | Depths:2 | Killed a caustic shrike
 47300 | Depths:2 | Killed a caustic shrike
 47535 | Depths:2 | Noticed a caustic shrike
 47544 | Depths:2 | Killed a caustic shrike
 47599 | Depths:2 | Received a gift from Okawaru
 48147 | Depths:2 | Found a sparkling altar of Nemelex Xobeh.
 48157 | Depths:2 | Identified Izilas's Guide on Heat
 48260 | Depths:2 | Received a gift from Okawaru
 48263 | Depths:2 | Reached XP level 24. HP: 166/204 MP: 22/27
 48426 | Depths:2 | Noticed a caustic shrike
 48431 | Depths:2 | Killed a caustic shrike
 48538 | Depths:2 | Noticed a golden dragon
 48551 | Depths:2 | Killed a golden dragon
 49167 | Depths:3 | Noticed a golden dragon
 49215 | Depths:3 | Reached skill level 10 in Shields
 49225 | Depths:3 | Killed a golden dragon
 49225 | Depths:3 | Reached skill level 1 in Charms
 49225 | Depths:3 | Reached skill level 1 in Necromancy
 49225 | Depths:3 | Reached skill level 1 in Earth Magic
 49234 | Depths:3 | Got a transparent tin ring
 49452 | Depths:3 | Reached skill level 1 in Invocations
 49456 | Depths:3 | Noticed a juggernaut
 49472 | Depths:3 | Killed a juggernaut
 49523 | Depths:3 | Reached skill level 5 in Invocations
 49703 | Depths:3 | Noticed Mara
 49726 | Depths:3 | Noticed grindst0ne's illusion
 49728 | Depths:3 | Killed Mara
 49788 | Depths:3 | Noticed a golden dragon
 49797 | Depths:3 | Killed a golden dragon
 49797 | Depths:3 | Reached XP level 25. HP: 152/210 MP: 23/29
 49815 | Depths:3 | Received a gift from Okawaru
 50010 | Depths:3 | Identified the ring "Xelirol" {MR+ MP+9} (You took it off a spriggan defender on level 3 of the Depths)
 50141 | Depths:3 | Reached skill level 10 in Invocations
 50250 | Depths:3 | Noticed a caustic shrike
 50264 | Depths:3 | Killed a caustic shrike
 50458 | Depths:3 | Found a one-way gate leading to the halls of Pandemonium.
 50759 | Depths:4 | Received a gift from Okawaru
 51071 | Depths:4 | Identified Coawih's Almanac of Sinister Arts
 52010 | Depths:4 | Reached skill level 15 in Invocations
 52286 | Depths:4 | Reached XP level 26. HP: 215/218 MP: 33/35
 52295 | Depths:4 | Received a gift from Okawaru
 52648 | Depths:4 | Found a gateway to a bazaar.
 52867 | Depths:5 | Entered Level 5 of the Depths
 52944 | Depths:5 | Found a gateway to a ziggurat.
 53665 | Depths:5 | Got an encrusted cloak
 53666 | Depths:5 | Identified the +2 cloak of Filth {rPois MR- Dex+4 SInv} (You found it on level 5 of the Depths)
 53737 | Depths:5 | Received a gift from Okawaru
 53753 | Depths:5 | Found a gate to the Realm of Zot.
 53839 | Depths:5 | Found a basalt altar of Yredelemnul.
 54154 | Depths:5 | Learned a level 5 spell: Dispel Undead
 54370 | Elf:1    | Entered Level 1 of the Elven Halls
 54931 | Elf:1    | Reached skill level 5 in Charms
 54955 | Elf:1    | Identified Dispater's Volume of Blows and Bruises
 55240 | Elf:2    | Found Yhaa's Antique Armour Emporium.
 55349 | Elf:2    | Received a gift from Okawaru
 55528 | Elf:2    | Found a runed gate.
 55534 | Elf:2    | Found a runed gate.
 55534 | Elf:2    | Found a runed gate.
 55838 | Elf:2    | Received a gift from Okawaru
 56018 | Elf:2    | Reached XP level 27. HP: 194/224 MP: 36/36
 56180 | Elf:3    | Entered Level 3 of the Elven Halls
 56309 | Elf:3    | Found Zojum's Magic Scroll Shoppe.
 56317 | Elf:3    | Bought a scroll of fog for 32 gold pieces
 56891 | Elf:2    | Reached skill level 10 in Charms
 57594 | Elf:3    | Found the +2 ratskin cloak {+Rats rPois rN+ Str-1 Int-1 Dex+1}
 57606 | Elf:3    | Identified Zemug's Papyrus of Execration and Flight
 58139 | Vaults:5 | Entered Level 5 of the Vaults
 58190 | Vaults:4 | Received a gift from Okawaru
 58213 | Vaults:5 | Reached skill level 22 in Armour
 58214 | Vaults:5 | Reached skill level 5 in Necromancy
 58415 | Vaults:5 | Received a gift from Okawaru
 58424 | Vaults:4 | Reached skill level 23 in Armour
 58963 | Vaults:5 | Got a silver rune of Zot
 58984 | Vaults:5 | Reached skill level 24 in Armour
 59015 | Vaults:5 | Identified the ring of Irilarph {+Fly Str+3} (You took it off a deep elf mage on level 5 of the Vaults)
 59164 | Vaults:5 | Reached skill level 10 in Necromancy
 59268 | Vaults:5 | Received a gift from Okawaru
 59960 | Vaults:5 | Identified the +2 pair of boots of the Sacrificial Victim {rCorr Str+4 Int-5} (You found it on level 5 of the Vaults)
 59995 | Vaults:5 | Found Noconosh's Book Emporium.
 60115 | Vaults:5 | Found Ineb's Antique Armour Boutique.
 60119 | Vaults:5 | Bought a pair of embroidered boots for 202 gold pieces
 60119 | Vaults:5 | Bought a pair of runed boots for 202 gold pieces
 60120 | Vaults:5 | Identified a +1 pair of boots of running (You bought it in a shop on level 5 of the Vaults)
 60139 | Vaults:5 | Found Wejianga's Gadget Emporium.
 60554 | Zot:1    | Entered Level 1 of the Realm of Zot
 61302 | Zot:1    | Reached skill level 25 in Armour
 61719 | Zot:1    | Noticed an orb of fire
 61733 | Zot:1    | Gained mutation: Your magical capacity is low. (-10% MP) [an orb of fire]
 61745 | Zot:1    | Gained mutation: Potions are less effective at restoring your health. [an orb of fire]
 61746 | Zot:1    | Gained mutation: Scrolls take you a little longer to read. [an orb of fire]
 61751 | Zot:1    | Killed an orb of fire
 62507 | Zot:1    | Identified Onuamig's Reference Book on Evil Confrontation
 63067 | Zot:1    | Received a gift from Okawaru
 63269 | Zot:2    | Noticed an orb of fire
 63291 | Zot:2    | Gained mutation: You are weak. (Str -2) [an orb of fire]
 63295 | Zot:2    | Killed an orb of fire
 63923 | Zot:2    | Got an ancient pewter amulet
 63954 | Zot:2    | Identified the amulet "Xobum" {rF+ rN+ Regen+ Dex+2} (You found it on level 2 of the Realm of Zot)
 64562 | Zot:2    | Identified the ring "Qalist" {rF++ MP+9 AC+3 Int+5} (You acquired it on level 2 of the Realm of Zot)
 64619 | Zot:2    | Received a gift from Okawaru
 65146 | Zot:3    | Reached skill level 15 in Shields
 65223 | Zot:3    | Reached skill level 15 in Necromancy
 65599 | Zot:3    | Received a gift from Okawaru
 66687 | Zot:4    | Received a gift from Okawaru
 67309 | Zot:5    | Entered Level 5 of the Realm of Zot
 67495 | Zot:5    | Noticed an ancient lich
 67507 | Zot:5    | Killed an ancient lich
 67649 | Zot:5    | Noticed an ancient lich
 67657 | Zot:5    | Killed an ancient lich
 67676 | Zot:5    | Noticed an ancient lich
 67682 | Zot:5    | Killed an ancient lich
 67906 | Zot:5    | Noticed an orb of fire
 67912 | Zot:5    | Killed an orb of fire
 67912 | Zot:5    | Received a gift from Okawaru
 67999 | Zot:5    | Noticed an orb of fire
 68002 | Zot:5    | Gained mutation: Your body sometimes deteriorates upon taking damage. [an orb of fire]
 68005 | Zot:5    | Killed an orb of fire
 68055 | Zot:5    | Noticed an ancient lich
 68070 | Zot:5    | Killed an ancient lich
 68315 | Zot:5    | Received a gift from Okawaru
 68325 | Zot:5    | Noticed an orb of fire
 68343 | Zot:5    | Gained mutation: Your magical capacity is very low. (-20% MP) [an orb of fire]
 68345 | Zot:5    | Killed an orb of fire
 68346 | Zot:5    | Noticed an orb of fire
 68362 | Zot:5    | Killed an orb of fire
 68467 | Zot:5    | Noticed an orb of fire
 68468 | Zot:5    | Gained mutation: You have sharp toenails. [an orb of fire]
 68468 | Zot:5    | Gained mutation: Your magical capacity is extremely low. (-30% MP) [an orb of fire]
 68480 | Zot:5    | Killed an orb of fire
 68587 | Zot:5    | Noticed an ancient lich
 68604 | Zot:5    | Killed an ancient lich
 68645 | Zot:5    | Noticed an orb of fire
 68645 | Zot:5    | Gained mutation: You are frail. (-10% HP) [an orb of fire]
 68647 | Zot:5    | Gained mutation: You are very weak. (Str -4) [an orb of fire]
 68658 | Zot:5    | Gained mutation: You occasionally shout uncontrollably at your foes. [an orb of fire]
 68660 | Zot:5    | Gained mutation: Scrolls take you longer to read. [an orb of fire]
 68664 | Zot:5    | Gained mutation: Potions are poor at restoring your health. [an orb of fire]
 68667 | Zot:5    | Killed an orb of fire
 69509 | Slime:1  | Entered Level 1 of the Pits of Slime
 69549 | Slime:2  | Gained mutation: You expend magic power (3 MP) to strengthen your wands. [a shining eye]
 69775 | Slime:2  | Gained mutation: You are very frail. (-20% HP) [a shining eye]
 69778 | Slime:2  | Gained mutation: You sometimes yell uncontrollably at your foes. [a shining eye]
 69787 | Slime:2  | Gained mutation: Your body often deteriorates upon taking damage. [a shining eye]
 69955 | Slime:3  | Noticed Dissolution
 70009 | Slime:3  | Gained mutation: Your spells are a little easier to cast, but a little less powerful. [a shining eye]
 70010 | Slime:3  | Killed Dissolution
 70010 | Slime:3  | Received a gift from Okawaru
 70017 | Slime:3  | Gained mutation: You are dopey. (Int -2) [a shining eye]
 70057 | Slime:3  | Identified the +3 shadow dragon scales "Lymoetex" {-Tele Str+9 Stlth++++} (Okawaru gifted it to you on level 3 of the Pits of Slime)
 70294 | Slime:5  | Entered Level 5 of the Pits of Slime
 70934 | Slime:5  | Found a viscous altar of Jiyva.
 70938 | Slime:5  | Noticed the Royal Jelly
 70956 | Slime:5  | Killed the Royal Jelly
 70982 | Slime:5  | Identified the Volume of Shape Shifting and Weightlessness
 71012 | Slime:5  | Got a slimy rune of Zot
 71029 | Slime:5  | Identified the Almanac of the Warped Snowflakes
 71033 | Slime:5  | Identified Vehumet's Incunabulum of Conjuration
 71212 | Slime:5  | Learned a level 3 spell: Lesser Beckoning
 71554 | Temple   | Fell from the grace of Okawaru
 71554 | Temple   | Became a worshipper of Zin the Law-Giver
 71554 | Temple   | Reached * piety under Zin
 71554 | Temple   | Reached ** piety under Zin
 71561 | Temple   | Donated 2683 gold pieces to Zin
 71594 | D:4      | Reached *** piety under Zin
 71595 | D:4      | Donated 1341 gold pieces to Zin
 71694 | D:11     | Reached **** piety under Zin
 71822 | Crypt:1  | Entered Level 1 of the Crypt
 71828 | Crypt:1  | Reached ***** piety under Zin
 71830 | Crypt:1  | Reached skill level 1 in Translocations
 71920 | Crypt:1  | Found a basalt altar of Yredelemnul.
 71982 | Crypt:1  | Reached ****** piety under Zin
 72210 | Crypt:1  | HP: 4/179 [titan[the fury of Okawaru] (20)]
 72215 | Crypt:1  | HP: 7/179 [deep elf blademaster/rapier[the fury of Okawaru] (7)]
 72229 | Crypt:1  | HP: 6/179 [titan[the fury of Okawaru] (12)]
 72233 | Crypt:1  | Zin protects you from harm!
 72234 | Crypt:1  | HP: 7/179 [titan[the fury of Okawaru] (7)]
 72234 | Crypt:1  | HP: 1/179 [black draconian/glaive[the fury of Okawaru] (6)]
 72238 | Crypt:1  | Zin protects you from harm!
 72238 | Crypt:1  | Killed from afar by a purple draconian

Vault maps used:
D:1:      sevenhm_arrival_forest_fort_large_2
D:2:      first_ration
D:3:      marbit_many_paths
D:4:      overflow_temple_1_default, minmay_temple_entry_grid, roderic_batcave
D:6:      kennysheep_mini, lemuel_crystal_altar, serial_shops,
          kennysheep_mini_moat, lightli_orcish_oven
D:8:      lair_entry_dummy, serial_bayou, serial_bayou_pond_a,
          serial_bayou_crossing, serial_bayou_shore_a, serial_bayou_lagoon_a
D:9:      lemuel_coloured_pillars_altar, kennysheep_little_box
D:10:     grunt_pizzeria, uniq_josephine
D:12:     kennysheep_orc_monster_closet_entryway, nicolae_trove_entry_columns
D:13:     portal_ice_cave_demonic_guard, uniq_urug, uniq_snorg, uniq_nessos
D:14:     david_vaults_3, kennysheep_another_room
D:15:     grunt_enter_depths_hoard, elyvilon_altar_3, uniq_roxanne
Temple:   regret_index_temple_sphere_string
Lair:1:   nzn_random_ring
Lair:2:   uniq_nergalle
Lair:3:   regret_index_bee_streams, minmay_swamp_entry_worms, basic_altar
Lair:4:   nicolae_spider_entry_non_spiders, lab_entry_generic, st_stairs_9
Lair:5:   grunt_forest_stairs_basic, serial_bayou_shore_b, serial_bayou_shore_b
Lair:6:   gammafunk_lair_ancient_temple, slime_altar_1, lemuel_fruit_fields,
          infiniplex_staircase_pool, minmay_lair_oklob_chamber
Swamp:1:  evilmike_swamp_ruin_rubble_2, swamp_pool1
Swamp:2:  evilmike_swamp_ruin_rubble_1
Swamp:3:  nicolae_swamp_round_clearing, swamp_pool1, uniq_jorgrun
Swamp:4:  swamp
Spider:1: nicolae_spider_nook, uniq_kirke
Spider:4: guppyfry_spider_rune, hangedman_spider_tarantella_strand, uniq_agnes
Slime:2:  nicolae_slime_welcoming_committee
Slime:3:  uniq_dissolution
Orc:1:    uniq_fannar
Orc:2:    st_orc_elflike, serial_shops, shop, basic_altar, uniq_erolcha
Elf:1:    eino_elf_arrival_customs, minmay_elf_annihilation,
          nrook_mini_backslash
Elf:2:    serial_shops, nicolae_shop_crystal
Elf:3:    minmay_elf_hall_quartered_circle, serial_shops, shop_statue,
          spider_trap
Vaults:1: vaults_dpeg_spiral, v_misc_23, v_pattern_3, vaults_dpeg_cross,
          vaults_dpeg_doors, vaults_room_corners, vaults_room_pools,
          nicolae_vaults_three_branches, vaults_room_semicircle,
          dpeg_vaults_monster_box, serial_shops, nicolae_shop_trees
Vaults:2: hangedman_vaults_river_flow, nicolae_vaults_diagonal_hallway_9,
          vaults_room_door_hall, nicolae_vaults_quartermaster, v_pattern_4,
          nicolae_vaults_little_squares_6, vaults_dpeg_encased_lava
Vaults:3: v_alt_pattern_5, vaults_room_boxed, minmay_crypt_entry_necro_gods,
          vaults_room_pool, grunt_vaults_diagonal, ontoclasm_vaults_fault,
          grunt_vaults_twisty, ontoclasm_vaults_tryst, v_misc_27, v_misc_30,
          v_misc_33, vaults_dpeg_ring
Vaults:4: v_misc_9, nicolae_vaults_border_crossing,
          nicolae_vaults_stairing_the_circle, v_misc_10,
          nicolae_vaults_network_square, ontoclasm_vaults_ring_large,
          vaults_room_grid, hangedman_vaults_snaps,
          hangedman_vaults_stretched_pinwheel, grunt_vaults_hallway_long,
          vaults_room_pools, serial_shops, nicolae_shop_crystal, uniq_donald
Vaults:5: serial_shops
Crypt:1:  gammafunk_crypt_yreds_forest
Depths:1: hell_entry, infiniplex_enter_wizlab_water, glass_columns_b,
          marbit_kobold_abyss_entry, hangedman_corner_corridor
Depths:2: evilmike_pillar_path, serial_shops, bzr_entry_dummy, shop, hell_entry,
          infiniplex_staircase_pool_2, hangedman_decor_peaks_small,
          solitary_fountain, argonaut_fire_from_heaven
Depths:3: hangedman_box_tower, rand_demon_pan_entry_3, grunt_mini_vestibule,
          abyss_entry, uniq_mara
Depths:4: hangedman_cross_cluster, hell_entry, serial_sigils,
          serial_sigils_hangedman_carve, serial_sigils_hangedman_stare,
          serial_sigils_hangedman_scar, serial_sigils_hangedman_quiver,
          serial_sigils_hangedman_confine, serial_shops, statue_bzr,
          abyss_entry, hangedman_research_thanatology
Depths:5: grunt_zot_entry_bicorn, enter_ziggurat_d, nicolae_twisting_strands,
          hell_entry, kennysheep_flooded_box
Zot:1:    hangedman_snake_sidewinding
Zot:2:    kennysheep_room_grid
Zot:3:    kennysheep_blocky_hall
Zot:5:    bh_zot_ikea_curve
Lab:      nicolae_lab_plus, nicolae_lab_big_swirl
Bazaar:   bazaar_short_row
Trove:    trove_library
IceCv:    ice_cave_caverns_01
WizLab:   wizlab_cigotuvi

Skill      XL: |  1  2  3  4  5  6  7  8  9 10 11 12 13 14 15 16 17 18 19 20 21 22 23 24 25 26 27 |
---------------+----------------------------------------------------------------------------------+-----
Shields        | 4 5 6 7 9 10 15 | 15.0
Fighting       | 4 5 6 8 9 11 13 14 15 17 18 19 20 | 20.0
Axes           | 3 4 5 7 8 9 10 12 13 14 16 17 18 19 20 21 23 24 | 24.0
Evocations     | 2 3 5 6 9 |  9.1
Armour         | 6 9 11 13 14 15 17 18 20 21 25 | 25.0
Dodging        | 4 7 9 12 13 14 | 14.0
Charms         | 3 7 11 | 11.5
Necromancy     | 3 24 | 24.3
Earth Magic    | 3 |  3.7
Invocations    | 8 16 19 20 | 20.3
Translocations | 3 |  3.9

Action                   |  1- 3 |  4- 6 |  7- 9 | 10-12 | 13-15 | 16-18 | 19-21 | 22-24 | 25-27 || total
-------------------------+-------+-------+-------+-------+-------+-------+-------+-------+-------++-------
Melee: War axe           |   104 |     5 |       |   111 |       |       |       |       |       ||   220
       Short sword       |       |   143 |   392 |  1005 |   293 |       |       |       |       ||  1833
       Battleaxe         |       |       |       |       |  1285 |   663 |       |       |       ||  1948
       Dire flail        |       |       |       |       |       |   243 |    10 |       |       ||   253
       Executioner's axe |       |       |       |       |       |    14 |  1018 |  1022 |  2862 ||  4916
       Unarmed           |       |       |       |       |       |       |     6 |       |       ||     6
 Cast: Song of Slaying   |       |       |       |       |       |       |       |       |    14 ||    14
       Regeneration      |       |       |       |       |       |       |       |       |    11 ||    11
       Death Channel     |       |       |       |       |       |       |       |       |     1 ||     1
Invok: Heroism           |       |       |       |    14 |    16 |     1 |     2 |     8 |    25 ||    66
       Finesse           |       |       |       |       |       |       |       |       |     6 ||     6
       Recite            |       |       |       |       |       |       |       |       |     5 ||     5
       Donate Gold       |       |       |       |       |       |       |       |       |     2 ||     2
 Abil: Dig               |       |     2 |    21 |    43 |    38 |     7 |     6 |    29 |    34 ||   180
       Shaft Self        |       |       |       |       |       |       |       |       |     1 ||     1
Evoke: Wand              |       |       |     1 |     8 |    10 |       |     1 |     2 |     1 ||    23
       Fan of gales      |       |       |       |       |       |       |     1 |       |       ||     1
       Lamp of fire      |       |       |       |       |       |       |       |     1 |       ||     1
       Sack of spiders   |       |       |       |       |       |       |       |     1 |       ||     1
  Use: Scroll            |       |       |    13 |    11 |     4 |     8 |    12 |    13 |    34 ||    95
       Potion            |       |       |     1 |     5 |     3 |     1 |     7 |     1 |    19 ||    37
 Stab: Invisible         |       |       |       |     1 |       |       |       |       |     4 ||     5
       Distracted        |       |       |       |       |       |       |     1 |       |     3 ||     4
       Confused          |       |       |       |       |       |       |       |       |     4 ||     4
  Eat: Chunk             |       |     7 |    15 |    31 |    35 |    23 |    22 |    21 |    57 ||   211
       Ration            |       |       |       |     2 |     3 |     1 |     3 |     3 |     7 ||    19
Armor: Scale mail        |    80 |    54 |    16 |       |       |       |       |       |       ||   150
       Chain mail        |       |       |    99 |   423 |   229 |       |       |       |       ||   751
       Skin              |       |       |       |    18 |       |       |       |       |       ||    18
       Plate armour      |       |       |       |       |   418 |   448 |   483 |   130 |       ||  1479
       Gold dragon scale |       |       |       |       |       |       |       |   240 |  1411 ||  1651
Dodge: Dodged            |    46 |    48 |    85 |   314 |   551 |   392 |   567 |   327 |   879 ||  3209
Block: Shield            |    71 |    94 |   188 |   646 |   953 |   755 |   974 |   631 |  1221 ||  5533
       Reflection        |       |       |       |       |       |    16 |    34 |    31 |   122 ||   203
       Other             |       |       |       |       |       |       |    11 |       |       ||    11
       Large shield      |       |       |       |       |       |       |       |       |  1125 ||  1125

Table legend:
 A = Spawn XP
 B = Non-spawn XP
 C = Spawn XP percentage of total XP
 D = Spawn monster count
 E = Non-spawn monster count
 F = Spawn count percentage of total count
 G = Total turns spent on level
                    A         B        C        D         E        F      G
               +---------+---------+-------+---------+---------+-------+---------
         Total |       0 | 1899207 |   0.0 |       0 |    2536 |   0.0 | 72238
               +---------+---------+-------+---------+---------+-------+---------
           D:1 |       0 |      66 |   0.0 |       0 |      32 |   0.0 |   824
           D:2 |       0 |      16 |   0.0 |       0 |       8 |   0.0 |   796
           D:3 |       0 |     104 |   0.0 |       0 |      21 |   0.0 |   512
           D:4 |       0 |     373 |   0.0 |       0 |      24 |   0.0 |   941
           D:5 |       0 |     289 |   0.0 |       0 |       6 |   0.0 |   793
           D:6 |       0 |    1314 |   0.0 |       0 |      32 |   0.0 |  1215
           D:7 |       0 |    1614 |   0.0 |       0 |      31 |   0.0 |  1410
           D:8 |       0 |    1413 |   0.0 |       0 |      27 |   0.0 |  2031
           D:9 |       0 |    1263 |   0.0 |       0 |      10 |   0.0 |   803
          D:10 |       0 |    4800 |   0.0 |       0 |      51 |   0.0 |  1874
          D:11 |       0 |    2213 |   0.0 |       0 |      24 |   0.0 |   617
          D:12 |       0 |    6036 |   0.0 |       0 |      30 |   0.0 |  2277
          D:13 |       0 |   11698 |   0.0 |       0 |      40 |   0.0 |  1940
          D:14 |       0 |   11804 |   0.0 |       0 |      33 |   0.0 |  1671
          D:15 |       0 |   14064 |   0.0 |       0 |      42 |   0.0 |  1708
        Lair:1 |       0 |    7981 |   0.0 |       0 |      27 |   0.0 |  1138
        Lair:2 |       0 |    5531 |   0.0 |       0 |      18 |   0.0 |   997
        Lair:3 |       0 |   10575 |   0.0 |       0 |      69 |   0.0 |  1550
        Lair:4 |       0 |   12325 |   0.0 |       0 |      33 |   0.0 |  1278
        Lair:5 |       0 |    4345 |   0.0 |       0 |      16 |   0.0 |   873
        Lair:6 |       0 |   24460 |   0.0 |       0 |      60 |   0.0 |  1398
       Swamp:1 |       0 |   13686 |   0.0 |       0 |      39 |   0.0 |   622
       Swamp:2 |       0 |    7484 |   0.0 |       0 |      17 |   0.0 |   230
       Swamp:3 |       0 |   23124 |   0.0 |       0 |      47 |   0.0 |  1551
       Swamp:4 |       0 |   27832 |   0.0 |       0 |      53 |   0.0 |  1127
      Spider:1 |       0 |   14852 |   0.0 |       0 |      42 |   0.0 |   921
      Spider:2 |       0 |   18100 |   0.0 |       0 |      43 |   0.0 |   683
      Spider:3 |       0 |    8743 |   0.0 |       0 |      26 |   0.0 |  1118
      Spider:4 |       0 |   44052 |   0.0 |       0 |      84 |   0.0 |  1807
       Slime:1 |       0 |    3561 |   0.0 |       0 |      12 |   0.0 |    31
       Slime:2 |       0 |   17364 |   0.0 |       0 |      19 |   0.0 |   507
       Slime:3 |       0 |   18005 |   0.0 |       0 |       8 |   0.0 |    71
       Slime:4 |       0 |    9908 |   0.0 |       0 |      15 |   0.0 |   244
       Slime:5 |       0 |   43475 |   0.0 |       0 |      35 |   0.0 |   946
         Orc:1 |       0 |    5808 |   0.0 |       0 |      47 |   0.0 |   908
         Orc:2 |       0 |   13567 |   0.0 |       0 |      60 |   0.0 |  1443
         Elf:1 |       0 |   26655 |   0.0 |       0 |      47 |   0.0 |  1053
         Elf:2 |       0 |   46017 |   0.0 |       0 |      55 |   0.0 |  1637
         Elf:3 |       0 |   65143 |   0.0 |       0 |      72 |   0.0 |  1055
      Vaults:1 |       0 |   32570 |   0.0 |       0 |      57 |   0.0 |  1572
      Vaults:2 |       0 |   57081 |   0.0 |       0 |      99 |   0.0 |  2001
      Vaults:3 |       0 |   38335 |   0.0 |       0 |      65 |   0.0 |  1726
      Vaults:4 |       0 |   86948 |   0.0 |       0 |      89 |   0.0 |  1644
      Vaults:5 |       0 |  152498 |   0.0 |       0 |     126 |   0.0 |  1651
       Crypt:1 |       0 |   28153 |   0.0 |       0 |      34 |   0.0 |   416
      Depths:1 |       0 |   37116 |   0.0 |       0 |      38 |   0.0 |   736
      Depths:2 |       0 |   89977 |   0.0 |       0 |      77 |   0.0 |  1791
      Depths:3 |       0 |  137834 |   0.0 |       0 |     101 |   0.0 |  2139
      Depths:4 |       0 |   87303 |   0.0 |       0 |      96 |   0.0 |  2212
      Depths:5 |       0 |   53906 |   0.0 |       0 |      52 |   0.0 |  1514
         Zot:1 |       0 |   90664 |   0.0 |       0 |      56 |   0.0 |  1893
         Zot:2 |       0 |   82585 |   0.0 |       0 |      43 |   0.0 |  1828
         Zot:3 |       0 |   60162 |   0.0 |       0 |      35 |   0.0 |  1102
         Zot:4 |       0 |   83015 |   0.0 |       0 |      48 |   0.0 |  1176
         Zot:5 |       0 |  210481 |   0.0 |       0 |      55 |   0.0 |  1759
           Lab |       0 |    1578 |   0.0 |       0 |       4 |   0.0 |   162
         IceCv |       0 |   14038 |   0.0 |       0 |      56 |   0.0 |  2817
        WizLab |       0 |   25303 |   0.0 |       0 |      50 |   0.0 |  1023
               +---------+---------+-------+---------+---------+-------+---------
